 Dungeon Crawl Stone Soup version 0.25-a0-10-g2fe12d4 (webtiles) character file.

Game seed: 8301232146227457423, levelgen mode: deterministic

3119 ArcanElement the Thaumaturge (level 9, -23/56 HPs)
             Began as a Deep Elf Wizard on Oct 14, 2019.
             Was a Priest of Sif Muna.
             Annihilated by an orc warrior
             ... wielding a +0 broad axe
              (27 damage)
             ... in a bailey on Oct 15, 2019.
             The game lasted 00:33:33 (10164 turns).

ArcanElement the Thaumaturge (Deep Elf Wizard)     Turns: 10164, Time: 00:33:34

Health: -23/56     AC: 11    Str:  4    XL:     9   Next: 60%
Magic:  9/26       EV: 18    Int: 27    God:    Sif Muna [***...]
Gold:   485        SH:  0    Dex: 13    Spells: 17/30 levels left

rFire    . . .     SeeInvis +   p - +3 hand axe (chop)
rCold    . . .     Gourm    .   (no shield)
rNeg     . . .     Faith    .   a - +0 robe
rPois    .         Spirit   .   b - +0 hat
rElec    .         Reflect  .   k - +1 cloak
rCorr    .         Harm     .   i - +2 pair of gloves
MR       .....                  (no boots)
Stlth    ++........             (no amulet)
HPRegen  0.18/turn              I - ring of see invisible (curse)
MPRegen  0.20/turn              o - +4 ring of protection

@: very slightly contaminated
A: no striking features
a: Channel Magic, Forget Spell, Renounce Religion


You were in a bailey.
You worshipped Sif Muna.
Sif Muna was most pleased with you.
You were near starving.

You visited 2 branches of the dungeon, and saw 9 of its levels.
You also visited: Bailey.

You collected 485 gold pieces.

Inventory:

Hand Weapons
 l - a +0 dagger
 p - a +3 hand axe of chopping (weapon)
Missiles
 t - 40 arrows
 B - 22 poisoned darts (quivered)
Armour
 a - a +0 robe (worn)
 b - a +0 hat (worn)
 i - a +2 pair of gloves (worn)
 k - a +1 cloak (worn)
Magical Staves
 s - an uncursed staff of wizardry
Jewellery
 j - an uncursed ring of ice
 n - an uncursed ring of ice
 o - a +4 ring of protection (right hand)
 r - a +4 amulet of reflection
 y - a +3 ring of strength
 E - an uncursed ring of protection from fire
 I - a cursed ring of see invisible (left hand)
 J - an uncursed ring of ice
Scrolls
 c - 2 scrolls of remove curse
 h - a scroll of magic mapping
 m - 2 scrolls of enchant weapon
 u - a scroll of immolation
 x - a scroll of enchant armour
Potions
 e - 2 potions of berserk rage
 f - a potion of flight
 g - a potion of cancellation
 v - a potion of curing
 z - a potion of invisibility {unknown}
 C - a potion of might {unknown}
Comestibles
 d - 17 rations


   Skills:
 + Level 6.4 Fighting
 + Level 9.6 Dodging
 - Level 2.4 Stealth
 + Level 11.0 Spellcasting
 - Level 1.1 Conjurations
 - Level 1.1 Summonings
 - Level 1.1 Translocations


You had 17 spell levels left.
You knew the following spells:

 Your Spells              Type           Power        Failure   Level  Hunger
a - Magic Dart            Conj           ###.         2%          1    None
b - Blink                 Tloc           N/A          3%          2    None
c - Call Imp              Summ           ###.....     3%          2    None
d - Slow                  Hex            ##......     6%          2    None
e - Mephitic Cloud        Conj/Pois/Air  ###.....     10%         3    None
f - Conjure Flame         Conj/Fire      ###.....     10%         3    None

Your spell library contained the following spells:

 Spells                   Type           Power        Failure   Level  Hunger


Dungeon Overview and Level Annotations

Branches:
Dungeon (8/15)             Temple (1/1) D:5          Bailey (1/1)
   Lair: D:8-11

Altars:
Ashenzari
Cheibriados
Dithmenos
Elyvilon
Fedhas
Gozag
Hepliaklqana
Kikubaaqudgha
Makhleb
Nemelex Xobeh
Okawaru
Qazlal
Ru
Sif Muna
Trog
Uskayaw
Vehumet
Wu Jian
Xom
Yredelemnul
Zin
The Shining One

Shops:
D:4 [   D:8 =


Message History

You are near starving!
The orc warrior completely misses you.
You closely miss the orc warrior.
The orc warrior is moderately wounded.
The orc warrior hits you with a +0 war axe!
* * * LOW HITPOINT WARNING * * *
You closely miss the orc warrior.
The orc warrior is moderately wounded.
The orc warrior hits you but does no damage.
The orc warlord roars a battlecry!
The orc warrior goes into a battle-frenzy!
You hit the orc warrior but do no damage.
The orc warrior is moderately wounded.
The orc warrior closely misses you. The orc warrior misses you.
The orc warlord completely misses you.
The orc warlord roars a battlecry!
The orc warrior goes into a battle-frenzy!
The orc warrior hits you with a +0 broad axe!!
You die...

#.......# ##.......##
#.........# ##.........##
#######.....⌠.....#####
##.....##.........##....
#.......'....o....'.....
##......o##.......##.....
#.......@.#.......#......
##.......o.##88.88##..g...
#.....⌠.....###'###...o.⌠.
##.......oo###...###......
#.........#.......#......
##.......##.......##.....
#.......#........ #....)
##.....## ##..)) ##'####
####)


You could see an orc warlord and 3 orc warriors.

Vanquished Creatures
  An orc knight (Bailey)
  A wyvern (D:7)
  A hungry ghost (D:7)
  2 sky beasts
  4 orc warriors (Bailey)
  4 ogres
  2 scorpions
  A howler monkey (D:5)
  A centaur zombie (D:6)
  5 crimson imps
  4 orc priests
  3 hounds
  A jelly (D:7)
  2 orc wizards
  2 worker ants
  A hound skeleton (D:7)
  A worker ant zombie (D:7)
  4 gnolls (Bailey)
  A howler monkey skeleton (D:6)
  8 adders
  A shadow imp (D:8)
  2 oozes
  2 adder skeletons
  A dart slug (D:2)
  5 leopard geckos
  13 orcs
  A ball python (D:2)
  6 bats
  3 giant cockroaches
  26 goblins
  11 hobgoblins
  4 jackals
  A quokka (D:2)
  2 frilled lizards (D:1)
  7 kobolds
  A leopard gecko skeleton (D:6)
  6 rats
141 creatures vanquished.

Vanquished Creatures (collateral kills)
  An orc knight (Bailey)
  Eustachio (D:6)
  An orc warrior (Bailey)
  2 ogres
  A bullfrog (D:6)
  3 scorpions
  A howler monkey (D:5)
  A crimson imp (D:6)
  2 orc priests
  2 orc wizards (D:4)
  An iguana (D:4)
  3 worker ants
  2 gnolls (Bailey)
  6 adders
  2 worms
  A dart slug (D:4)
  18 orcs
  13 goblins
  9 hobgoblins (Bailey)
  A jackal (D:7)
  A kobold (D:8)
  A frilled lizard (D:4)
  A jackal skeleton (D:4)
74 creatures vanquished.

Grand Total: 215 creatures vanquished

Notes
Turn   | Place    | Note
-------+----------+-------------------------------------------
     0 | D:1      | ArcanElement the Deep Elf Wizard began the quest for the
                  | Orb.
     0 | D:1      | Reached XP level 1. HP: 10/10 MP: 7/7
   108 | D:1      | Upgraded the game from 0.25-a0-2-g6559c6c to
                  | 0.25-a0-10-g2fe12d4
   131 | D:1      | Reached XP level 2. HP: 16/16 MP: 3/9
   181 | D:1      | Learned a level 2 spell: Blink
   184 | D:1      | Learned a level 2 spell: Call Imp
   187 | D:1      | Learned a level 2 spell: Slow
   474 | D:1      | Reached skill level 1 in Fighting
   729 | D:1      | Reached XP level 3. HP: 20/20 MP: 6/11
   734 | D:1      | Learned a level 3 spell: Mephitic Cloud
  1021 | D:2      | Reached skill level 5 in Spellcasting
  2417 | D:3      | Reached XP level 4. HP: 25/25 MP: 10/13
  2440 | D:3      | You fall into a shaft and drop 1 floor!
  2595 | D:3      | Learned a level 3 spell: Conjure Flame
  3138 | D:4      | Reached XP level 5. HP: 30/30 MP: 6/15
  3166 | D:4      | Reached skill level 6 in Spellcasting
  3635 | D:4      | Noticed an ogre
  3638 | D:4      | Killed an ogre
  3638 | D:4      | Reached XP level 6. HP: 36/36 MP: 11/17
  3692 | D:4      | Found a blossoming altar of Fedhas.
  3825 | D:4      | Found Fiull's Armour Emporium.
  3889 | D:5      | Entered Level 5 of the Dungeon
  3958 | D:5      | Reached skill level 5 in Dodging
  4554 | D:5      | Reached skill level 7 in Spellcasting
  4717 | D:5      | Found a staircase to the Ecumenical Temple.
  4729 | Temple   | Entered the Ecumenical Temple
  4817 | Temple   | Became a worshipper of Sif Muna the Loreminder
  4874 | D:5      | Reached XP level 7. HP: 41/41 MP: 9/19
  5797 | D:6      | Found an iron altar of Okawaru.
  5797 | D:6      | Noticed Eustachio
  5815 | D:6      | Killed Eustachio
  5815 | D:6      | Reached skill level 8 in Spellcasting
  5933 | D:5      | Reached XP level 8. HP: 48/48 MP: 2/22
  6502 | D:6      | Reached * piety under Sif Muna
  7029 | D:6      | Reached skill level 9 in Spellcasting
  7523 | D:7      | Reached skill level 5 in Fighting
  7644 | D:7      | Found a shattered altar of Ashenzari.
  8487 | D:7      | Reached XP level 9. HP: 50/54 MP: 6/24
  8561 | D:7      | Reached skill level 10 in Spellcasting
  8727 | D:8      | Found Nuarashu's Jewellery Emporium.
  8775 | D:8      | Found a flagged portal.
  8797 | D:8      | Noticed a two-headed ogre
  8803 | Bailey   | Entered a bailey
  8906 | Bailey   | Reached ** piety under Sif Muna
  9532 | Bailey   | Noticed an orc knight
  9548 | Bailey   | Noticed an orc knight
  9557 | Bailey   | Killed an orc knight
  9567 | Bailey   | Killed an orc knight
  9937 | Bailey   | Reached *** piety under Sif Muna
  9946 | Bailey   | Noticed an orc warlord
  9952 | Bailey   | Reached skill level 11 in Spellcasting
  9960 | Bailey   | Identified a scroll of acquirement
  9960 | Bailey   | Identified ArcanElement's Grimoire of Creative
                  | Translocation (You acquired it in a bailey)
  9967 | Bailey   | Noticed an orc knight
 10099 | Bailey   | Identified a ring of the Octopus King {Wiz AC+1 EV+1 Str+1
                  | Int+1 Dex+1}
 10156 | Bailey   | HP: 2/56 [orc warrior/+0 war axe (8)]
 10164 | Bailey   | Annihilated by an orc warrior

Levels and vault maps discovered:
D:1:      dpeg_arrival_tiny_h, layout_rooms, hex_tiny, minmay_tall_x
D:2:      layout_loops_corners
D:3:      layout_loops_ring
D:4:      layout_cave_pools, first_ration, serial_shops, kennysheep_mini,
          palyth_stone_intersect, fedhas_ov_isle_minmay
D:5:      layout_basic, minmay_temple_entry_glassed_door, abandoned_shop
D:6:      layout_gridville, okawaru_trees_1, uniq_eustachio
D:7:      layout_basic, lemuel_round_altar
D:8:      layout_loops_ring, enter_bailey_3, basic_altar, serial_shops, shop,
          uniq_joseph
Temple:   compressed_dpeg_circular_temple
Bailey:   bailey_axe_minmay_hex_keep, bailey

Skill      XL: |  1  2  3  4  5  6  7  8  9 |
---------------+----------------------------+-----
Dodging        | 3 4 5 6 8 9 |  9.6
Fighting       | 1 2 3 4 5 6 |  6.4
Spellcasting   | 5 6 7 8 9 11 | 11.0
Stealth        | |  2.4
Conjurations   | |  1.1
Summonings     | |  1.1
Translocations | |  1.1

Action                   |  1- 3 |  4- 6 |  7- 9 || total
-------------------------+-------+-------+-------++-------
Melee: Dagger            |    14 |     7 |    13 ||    34
       Staff             |       |     5 |    47 ||    52
       Hand axe          |       |       |    30 ||    30
Throw: Dart              |       |       |     3 ||     3
 Cast: Magic Dart        |    94 |   113 |   330 ||   537
       Call Imp          |    10 |    25 |    75 ||   110
       Mephitic Cloud    |       |     7 |    35 ||    42
       Conjure Flame     |       |     4 |    23 ||    27
       Blink             |       |       |    10 ||    10
       Slow              |       |       |     1 ||     1
Evoke: Wand              |       |       |     9 ||     9
  Use: Scroll            |     6 |     2 |    15 ||    23
       Potion            |       |     1 |     3 ||     4
 Stab: Sleeping          |     4 |     3 |       ||     7
       Distracted        |     1 |       |     1 ||     2
       Confused          |       |       |     3 ||     3
  Eat: Chunk             |     4 |     6 |    13 ||    23
       Ration            |       |       |     1 ||     1
Armor: Robe              |     7 |    29 |    43 ||    79
Dodge: Dodged            |    19 |    39 |   212 ||   270

Table legend:
 A = Non-vault XP
 B = Vault XP
 C = Vault XP percentage of total XP
 D = Non-vault monster count
 E = Vault monster count
 F = Vault count percentage of total count
                 A         B        C        D         E       F
            +---------+---------+-------+---------+---------+-------
      Total |    2883 |    1574 |  35.3 |     145 |      70 |  32.6
            +---------+---------+-------+---------+---------+-------
        D:1 |      39 |       5 |  11.4 |      20 |       4 |  16.7
        D:2 |      35 |       0 |   0.0 |      14 |       0 |   0.0
        D:3 |      88 |       0 |   0.0 |      22 |       0 |   0.0
        D:4 |     271 |       0 |   0.0 |      18 |       0 |   0.0
        D:5 |     785 |       0 |   0.0 |      24 |       0 |   0.0
        D:6 |     604 |     149 |  19.8 |      23 |       1 |   4.2
        D:7 |     919 |       0 |   0.0 |      19 |       0 |   0.0
        D:8 |     142 |       7 |   4.7 |       5 |       4 |  44.4
     Bailey |       0 |    1413 | 100.0 |       0 |      61 | 100.0
            +---------+---------+-------+---------+---------+-------
